[ AOE2 MATCH · #507150505 ]
UnrankedSicilians vs Spanish
Player's team · LOSS
Rival team · WIN
[ REPLAY ANALYSIS · EXTRACTED FROM THE RECORDED GAME ]
Feudal
10:08
Castle
24:29
Imperial
—
| APM avg | 59.1 |
| APM peak | 96 |
| eAPM avg | 27.9 |
| Villagers / military | 82 / 37 |
Focus
⚔️ 40.1% · 🌾 59.9%
Skirmisher ×19 · Serjeant ×12 · Monk ×3 · Knight ×3
Feudal
13:12
Castle
21:20
Imperial
—
| APM avg | 57.9 |
| APM peak | 89 |
| eAPM avg | 27.7 |
| Villagers / military | 59 / 24 |
Focus
⚔️ 31.0% · 🌾 69.0%
Conquistador ×18 · Militia ×3 · Mangonel ×3
Match map
Initial resources + every placement click. Lines = walls · curves = elevation contours. ◆ gold · ⬟ stone · ● berries · ✦ relic · ◌ wall gap
Your base· ✓ Closed at 24:29 · 34t walls · 1 gate(s)
Nobody's base· Open — 10t gap
Smoothed initial terrain · ◌ = detected wall gap · hover for details
Inputs per minute
— Young Carter - - Nobody
Build order — Young Carter
First 150 of 210 actions detected
| 0:00 | Create | Villager (Male) |
| 0:01 | Create | Villager (Male) |
| 0:01 | Create | Villager (Male) |
| 0:02 | Build | House |
| 0:03 | Build | House |
| 0:13 | Create | Villager (Male) |
| 1:13 | Create | Villager (Male) |
| 1:53 | Build | Lumber Camp |
| 2:02 | Create | Villager (Male) |
| 2:14 | Create | Villager (Male) |
| 2:58 | Create | Villager (Male) |
| 2:58 | Create | Villager (Male) |
| 3:17 | Create | Villager (Male) |
| 3:37 | Create | Villager (Male) |
| 3:51 | Create | Villager (Male) |
| 3:51 | Create | Villager (Male) |
| 3:52 | Create | Villager (Male) |
| 4:07 | Build | House |
| 4:54 | Build | Mill |
| 4:55 | Create | Villager (Male) |
| 4:57 | Create | Villager (Male) |
| 5:07 | Create | Villager (Male) |
| 5:07 | Create | Villager (Male) |
| 5:08 | Create | Villager (Male) |
| 5:41 | Create | Villager (Male) |
| 5:51 | Build | House |
| 6:25 | Create | Villager (Male) |
| 6:46 | Build | House |
| 6:57 | Create | Villager (Male) |
| 7:08 | Create | Villager (Male) |
| 7:12 | Create | Villager (Male) |
| 7:12 | Create | Villager (Male) |
| 7:18 | Research | Loom |
| 7:32 | Build | Donjon |
| 7:41 | Build | Mining Camp |
| 7:57 | Research | Feudal Age |
| 8:22 | Create | Villager (Male) |
| 8:39 | Build | House |
| 8:51 | Create | Villager (Male) |
| 9:43 | Build | Palisade Wall |
| 9:45 | Build | Palisade Wall |
| 9:49 | Create | Villager (Male) |
| 9:55 | Build | House |
| 10:08 | Age | Feudal Age |
| 10:12 | Create | Serjeant |
| 10:12 | Create | Serjeant |
| 10:15 | Research | Double-Bit Axe |
| 10:18 | Research | Horse Collar |
| 10:21 | Build | Blacksmith |
| 10:22 | Build | Farm |
| 11:00 | Create | Serjeant |
| 11:00 | Create | Serjeant |
| 11:02 | Create | Villager (Male) |
| 11:24 | Create | Villager (Male) |
| 11:35 | Create | Serjeant |
| 11:37 | Build | Farm |
| 11:38 | Build | Farm |
| 11:38 | Build | Farm |
| 11:56 | Build | Mining Camp |
| 12:14 | Create | Villager (Male) |
| 12:25 | Create | Villager (Male) |
| 12:45 | Create | Villager (Male) |
| 12:47 | Build | Farm |
| 13:05 | Create | Villager (Male) |
| 13:07 | Build | Farm |
| 13:08 | Build | Farm |
| 13:18 | Build | Donjon |
| 13:33 | Create | Serjeant |
| 13:59 | Create | Villager (Male) |
| 14:01 | Build | House |
| 14:02 | Build | Farm |
| 14:03 | Build | Farm |
| 14:03 | Build | Farm |
| 14:03 | Build | Farm |
| 14:38 | Create | Villager (Male) |
| 14:39 | Build | Farm |
| 14:41 | Build | Farm |
| 14:41 | Build | Farm |
| 14:41 | Build | Farm |
| 14:42 | Create | Villager (Male) |
| 15:12 | Build | Donjon |
| 15:26 | Build | Farm |
| 15:31 | Build | Farm |
| 15:37 | Create | Villager (Male) |
| 15:39 | Research | Fletching |
| 15:43 | Research | Scale Mail Armor |
| 15:47 | Create | Serjeant |
| 15:48 | Create | Serjeant |
| 16:02 | Build | Farm |
| 16:04 | Build | Farm |
| 16:10 | Research | Fletching |
| 16:13 | Build | House |
| 16:14 | Create | Villager (Male) |
| 16:15 | Create | Villager (Male) |
| 16:25 | Create | Villager (Male) |
| 16:52 | Create | Villager (Male) |
| 16:54 | Build | Stone Wall |
| 16:57 | Build | Stone Wall |
| 17:03 | Create | Villager (Male) |
| 17:06 | Build | Gate |
| 17:08 | Build | Stone Wall |
| 17:09 | Build | Stone Wall |
| 17:10 | Create | Villager (Male) |
| 17:13 | Build | House |
| 17:21 | Create | Villager (Male) |
| 17:22 | Build | Farm |
| 17:43 | Create | Villager (Male) |
| 17:46 | Build | Farm |
| 17:47 | Research | Scale Mail Armor |
| 18:01 | Create | Serjeant |
| 18:36 | Create | Villager (Male) |
| 18:36 | Create | Villager (Male) |
| 18:41 | Create | Serjeant |
| 18:46 | Create | Villager (Male) |
| 18:54 | Build | Donjon |
| 19:10 | Create | Villager (Male) |
| 19:13 | Build | Farm |
| 19:13 | Build | Farm |
| 19:13 | Build | Farm |
| 19:13 | Build | Farm |
| 19:14 | Build | Farm |
| 19:14 | Build | Farm |
| 19:14 | Create | Villager (Male) |
| 19:25 | Create | Villager (Male) |
| 19:43 | Build | Donjon |
| 19:51 | Create | Villager (Male) |
| 19:58 | Build | Stone Wall |
| 19:59 | Create | Villager (Male) |
| 20:12 | Research | Forging |
| 20:21 | Create | Villager (Male) |
| 20:23 | Create | Villager (Male) |
| 20:23 | Create | Villager (Male) |
| 20:30 | Build | Market |
| 20:31 | Create | Villager (Male) |
| 20:34 | Build | House |
| 20:54 | Create | Villager (Male) |
| 21:00 | Build | Stable |
| 21:18 | Build | Stable |
| 21:28 | Build | Donjon |
| 21:42 | Create | Villager (Male) |
| 21:48 | Research | Castle Age |
| 21:52 | Research | Scale Barding Armor |
| 21:56 | Research | Padded Archer Armor |
| 21:58 | Create | Villager (Male) |
| 22:12 | Create | Villager (Male) |
| 22:43 | Create | Villager (Male) |
| 22:45 | Build | Archery Range |
| 22:49 | Build | House |
| 22:55 | Build | House |
| 22:59 | Create | Villager (Male) |
Build order — Nobody
First 150 of 162 actions detected
| 0:00 | Create | Villager (Male) |
| 0:01 | Create | Villager (Male) |
| 0:02 | Build | House |
| 0:04 | Build | House |
| 0:06 | Create | Villager (Male) |
| 0:06 | Create | Villager (Male) |
| 0:06 | Create | Villager (Male) |
| 1:10 | Create | Villager (Male) |
| 1:59 | Build | Lumber Camp |
| 2:04 | Create | Villager (Male) |
| 2:09 | Create | Villager (Male) |
| 2:24 | Create | Villager (Male) |
| 2:57 | Create | Villager (Male) |
| 3:07 | Build | House |
| 3:12 | Create | Villager (Male) |
| 4:02 | Create | Villager (Male) |
| 4:07 | Create | Villager (Male) |
| 4:50 | Create | Villager (Male) |
| 5:03 | Build | Barracks |
| 5:05 | Create | Villager (Male) |
| 5:18 | Create | Villager (Male) |
| 5:49 | Build | House |
| 6:02 | Create | Militia |
| 6:03 | Create | Militia |
| 6:05 | Create | Villager (Male) |
| 6:20 | Create | Militia |
| 6:37 | Build | Mill |
| 6:43 | Create | Villager (Male) |
| 7:03 | Create | Villager (Male) |
| 7:27 | Create | Villager (Male) |
| 7:35 | Create | Villager (Male) |
| 7:44 | Build | House |
| 8:21 | Create | Villager (Male) |
| 8:32 | Create | Villager (Male) |
| 8:38 | Build | House |
| 8:40 | Build | Mining Camp |
| 9:18 | Create | Villager (Male) |
| 9:37 | Build | House |
| 9:40 | Create | Villager (Male) |
| 9:47 | Build | Mining Camp |
| 9:59 | Build | Farm |
| 10:08 | Research | Feudal Age |
| 10:09 | Research | Feudal Age |
| 10:09 | Research | Feudal Age |
| 10:09 | Research | Feudal Age |
| 10:12 | Research | Loom |
| 10:13 | Create | Villager (Male) |
| 10:27 | Build | House |
| 10:29 | Build | Palisade Wall |
| 10:39 | Create | Villager (Male) |
| 10:42 | Build | Farm |
| 10:43 | Build | Farm |
| 10:50 | Research | Feudal Age |
| 11:02 | Create | Villager (Male) |
| 11:35 | Build | Palisade Wall |
| 11:37 | Build | Palisade Wall |
| 12:14 | Build | Palisade Wall |
| 12:31 | Build | Palisade Gate |
| 12:34 | Build | Palisade Gate |
| 12:38 | Build | House |
| 12:56 | Build | Mining Camp |
| 13:12 | Age | Feudal Age |
| 13:18 | Build | Watch Tower |
| 13:19 | Create | Villager (Male) |
| 13:22 | Build | Palisade Wall |
| 13:23 | Build | Palisade Wall |
| 13:24 | Build | Palisade Wall |
| 13:29 | Create | Villager (Male) |
| 13:43 | Create | Villager (Male) |
| 13:50 | Research | Double-Bit Axe |
| 13:50 | Research | Double-Bit Axe |
| 13:50 | Research | Double-Bit Axe |
| 13:51 | Research | Horse Collar |
| 13:51 | Research | Horse Collar |
| 13:54 | Create | Villager (Male) |
| 13:59 | Create | Villager (Male) |
| 14:06 | Build | Watch Tower |
| 14:07 | Create | Villager (Male) |
| 14:22 | Build | Palisade Wall |
| 14:31 | Build | Farm |
| 14:58 | Create | Villager (Male) |
| 15:07 | Build | Market |
| 15:25 | Create | Villager (Male) |
| 15:51 | Build | Lumber Camp |
| 16:06 | Create | Villager (Male) |
| 16:08 | Build | Blacksmith |
| 16:28 | Build | Outpost |
| 16:32 | Build | Outpost |
| 16:44 | Build | House |
| 16:46 | Create | Villager (Male) |
| 17:07 | Create | Villager (Male) |
| 17:13 | Build | Mining Camp |
| 17:21 | Build | Palisade Wall |
| 17:48 | Build | House |
| 17:53 | Build | Outpost |
| 18:21 | Build | Watch Tower |
| 18:29 | Build | Palisade Wall |
| 18:40 | Research | Castle Age |
| 18:40 | Research | Castle Age |
| 18:40 | Research | Castle Age |
| 18:40 | Research | Castle Age |
| 19:02 | Build | Watch Tower |
| 19:50 | Build | Farm |
| 19:55 | Build | Mining Camp |
| 21:20 | Age | Castle Age |
| 21:41 | Build | Castle |
| 21:57 | Research | Padded Archer Armor |
| 22:21 | Build | Farm |
| 22:23 | Create | Conquistador |
| 22:23 | Create | Conquistador |
| 22:23 | Create | Conquistador |
| 22:23 | Create | Conquistador |
| 23:03 | Create | Villager (Male) |
| 23:08 | Build | Farm |
| 23:26 | Create | Villager (Male) |
| 23:38 | Build | Siege Workshop |
| 23:40 | Create | Conquistador |
| 23:40 | Create | Conquistador |
| 23:41 | Create | Villager (Male) |
| 24:13 | Create | Villager (Male) |
| 24:29 | Build | Stable |
| 24:35 | Build | House |
| 24:36 | Create | Mangonel |
| 24:42 | Create | Villager (Male) |
| 24:48 | Create | Villager (Male) |
| 24:53 | Create | Conquistador |
| 24:53 | Create | Conquistador |
| 24:53 | Create | Conquistador |
| 25:00 | Create | Villager (Male) |
| 25:05 | Build | Outpost |
| 25:25 | Create | Conquistador |
| 25:25 | Create | Conquistador |
| 25:25 | Create | Conquistador |
| 25:27 | Create | Villager (Male) |
| 25:42 | Build | Outpost |
| 25:53 | Create | Villager (Male) |
| 26:09 | Build | Farm |
| 26:11 | Create | Villager (Male) |
| 26:35 | Create | Villager (Male) |
| 26:41 | Build | House |
| 26:43 | Build | House |
| 26:47 | Build | Palisade Wall |
| 26:52 | Create | Villager (Male) |
| 27:16 | Build | Mining Camp |
| 27:17 | Create | Conquistador |
| 27:17 | Create | Conquistador |
| 27:17 | Create | Conquistador |
| 27:26 | Build | Castle |
| 28:08 | Create | Conquistador |
| 28:08 | Create | Conquistador |
Match timeline
| 5:03 | Nobody · first_building Barracks |
| 7:32 | Young Carter · first_building Donjon |
| 9:43 | Young Carter · wall_segment Palisade Wall x1 |
| 9:45 | Young Carter · wall_segment Palisade Wall x1 |
| 10:08 | Young Carter · age_up feudal |
| 10:29 | Nobody · wall_segment Palisade Wall x14 |
| 11:35 | Nobody · wall_segment Palisade Wall x1 |
| 11:37 | Nobody · wall_segment Palisade Wall x1 |
| 12:14 | Nobody · wall_segment Palisade Wall x1 |
| 13:12 | Nobody · age_up feudal |
| 13:22 | Nobody · wall_segment Palisade Wall x1 |
| 13:23 | Nobody · wall_segment Palisade Wall x1 |
| 13:24 | Nobody · wall_segment Palisade Wall x1 |
| 14:22 | Nobody · wall_segment Palisade Wall x1 |
| 16:04 | Nobody · first_market_buy 100 wood |
| 16:54 | Young Carter · wall_segment Stone Wall x7 |
| 16:57 | Young Carter · wall_segment Stone Wall x6 |
| 17:08 | Young Carter · wall_segment Stone Wall x3 |
| 17:09 | Young Carter · wall_segment Stone Wall x4 |
| 17:21 | Nobody · wall_segment Palisade Wall x1 |
| 18:29 | Nobody · wall_segment Palisade Wall x1 |
| 19:58 | Young Carter · wall_segment Stone Wall x12 |
| 21:00 | Young Carter · first_building Stable |
| 21:20 | Nobody · age_up castle |
| 21:23 | Nobody · first_market_sell 100 wood |
| 21:41 | Nobody · first_building Castle |
| 22:45 | Young Carter · first_building Archery Range |
| 23:38 | Nobody · first_building Siege Workshop |
| 24:29 | Young Carter · age_up castle |
| 24:29 | Nobody · first_building Stable |
| 25:16 | Young Carter · first_market_buy 100 wood |
| 25:46 | Young Carter · first_market_sell 100 food |
| 26:47 | Nobody · wall_segment Palisade Wall x1 |
| 29:38 | Young Carter · first_building Monastery |
| 30:53 | Young Carter · resign |
[ AI ANALYSIS · 1 CREDIT ]
What really happened in this match?
Wolo.gg analyzes every decision: build order, eco, micro, common mistakes by bracket. Personalized analysis on WhatsApp or Discord in 30 seconds.
Civ guide
Sicilians
Perfil
Jugador #4453778